 Dungeon Crawl Stone Soup version 0.30-a0-390-g80c34de65d (webtiles) character file.

Game seed: 16022020337683869430

11972 purpskrrrp the Covert (level 11, -3/36 HPs)
             Began as a Felid Air Elementalist on Dec 4, 2022.
             Was a High Priest of Hepliaklqana.
             Killed from afar by an acid dragon (8 damage)
             ... with a splash of acid
             ... on level 13 of the Dungeon.
             The game lasted 01:09:53 (21530 turns).

purpskrrrp the Covert (Felid Air Elementalist)     Turns: 21530, Time: 01:09:54

Health: -3/36      AC:  3    Str: 14    XL:     11   Next: 56%
Magic:  10/24      EV: 25    Int: 26    God:    Hepliaklqana [*****.]
Gold:   1258       SH:  0    Dex: 16    Spells: 17/27 levels left
                                        Lives:  0   Deaths: 3

rFire   . . .      SeeInvis +    (weapon unavailable)
rCold   + . .      Faith    +    (shield unavailable)
rNeg    . . .      Spirit   .    (body armour unavailable)
rPois   .          Reflect  .    (helmet unavailable)
rElec   .          Harm     .    (cloak unavailable)
rCorr   .          Rampage  .    (gloves unavailable)
Will    +....                    (boots unavailable)
Stlth   +++++.....               m - amulet of faith
HPRegen 1.06/turn                x - +6 ring of intelligence
MPRegen 0.19/turn                y - +6 ring of strength

@: swift, very quick
A: reduced essence, very small, claws 1, fangs 3, see invisible, speed 1, shaggy
fur 3, stealthy paws, no weapons or thrown items, no armour, multi-lived,
regeneration 1, strong 1
a: Renounce Religion, Recall Ancestor, Ancestor Identity, Transference, Idealise


You were on level 13 of the Dungeon.
You worshipped Hepliaklqana.
Hepliaklqana was extremely pleased with you.
You visited 1 branch of the dungeon, and saw 13 of its levels.

You collected 1258 gold pieces.

Inventory:

Jewellery
 f - a ring of protection from fire
 j - an amulet of guardian spirit
 m - an amulet of faith (around neck)
 n - an amulet of regeneration
 t - a +6 ring of dexterity
 x - a +6 ring of intelligence (left paw)
 y - a +6 ring of strength (right paw)
 A - a ring of resist corrosion
Wands
 a - a wand of flame (10)
 b - a wand of digging (2)
 i - a wand of iceblast (2)
 o - a wand of polymorph (5)
 u - a wand of charming (5)
Scrolls
 e - 3 scrolls of torment
 h - 3 scrolls of amnesia
 p - a scroll of brand weapon
 r - 4 scrolls of identify
 v - a scroll of silence
Potions
 c - 4 potions of degeneration
 d - 5 potions of flight
 k - 4 potions of might
 l - a potion of lignification {unknown}
 q - a potion of berserk rage {unknown}
 s - 2 potions of brilliance {unknown}
 w - 2 potions of attraction
 z - 10 potions of ambrosia


   Skills:
 + Level 12.3 Dodging
 + Level 13.2 Stealth
 + Level 8.7 Spellcasting
 + Level 8.5 Conjurations
 * Level 11.6 Air Magic


You had 17 spell levels left.
You knew the following spells:

 Your Spells              Type           Power      Damage    Failure   Level
a - Shock                 Conj/Air       100%       1d9       1%          1
b - Swiftness             Air            64%        N/A       1%          3
c - Airstrike             Air            32%        2d(5-21)  1%          4
d - Poisonous Vapours     Pois/Air       82%        N/A       1%          2

Your spell library contained the following spells:

 Spells                   Type           Power      Damage    Failure   Level
 Static Discharge         Conj/Air       100%       2-7/arc   1%          2
 Sting                    Tmut/Pois      44%        1d5       5%          1
 Animate Dead             Necr           11%        N/A       45%         4
 Olgreb's Toxic Radiance  Pois           11%        N/A       45%         4
 Borgnjor's Vile Clutch   Necr/Erth      5%         N/A       82%         5
 Death Channel            Necr           5%         N/A       100%        6


Dungeon Overview and Level Annotations

Branches:
Dungeon (13/15)            Temple (0/1) D:7            Lair (0/5) D:9
    Orc (0/2) D:9
 Vaults: D:13-14

Altars:
Ashenzari
Dithmenos
Fedhas
Gozag
Hepliaklqana
Okawaru
Qazlal
Sif Muna
Trog
Uskayaw
Wu Jian
Yredelemnul
Zin
The Shining One

Shops:
D:6 *

Annotations:
D:5 1 runed translucent door


Innate Abilities, Weirdness & Mutations

Your life essence is reduced to manifest your ancestor. (-10% HP)
You have sharp claws.
You have razor-sharp teeth.
You have supernaturally acute eyesight. (SInv)
You cover ground quickly. (Speed+)
Your thick and shaggy fur keeps you warm. (AC +3, rC+)
Your paws help you pounce on unaware monsters.
You are incapable of wielding weapons or throwing items.
You cannot wear armour.
You gain extra lives every three experience levels.
Your natural rate of healing is unusually fast.
Your muscles are strong. (Str +4, Int/Dex -1)


Message History

The zap hits the gargoyle.
The gargoyle completely resists.
The gargoyle is lightly damaged.
The zap hits the acid dragon.
The acid dragon is lightly wounded.
The zap hits the gargoyle.
The gargoyle resists.
The gargoyle is lightly damaged.
The zap hits the gargoyle.
The gargoyle completely resists.
The gargoyle is lightly damaged.
Casting: Shock (safe; 1% risk of failure)
Confirm with . or Enter, or press ? or * to list all spells.
Aiming: Airstrike (safe; 1% risk of failure)
Press: ? - help, Dir - move target, f/p - gargoyle
Aim: a gargoyle, wielding a +0 mace (lightly damaged, empty space bonus: 5/8)
The air twists around and strikes the gargoyle.
The gargoyle is lightly damaged.
Unknown command.
Unknown command.
Casting: Airstrike (safe; 1% risk of failure)
Confirm with . or Enter, or press ? or * to list all spells.
Aiming: Airstrike (safe; 1% risk of failure)
Press: ? - help, Dir - move target, f - acid dragon, p - gargoyle
Aim: an acid dragon (lightly wounded, empty space bonus: 5/8)
The air twists around and strikes the acid dragon!
The acid dragon is heavily wounded.
You scratch the gargoyle but do no damage.
You bite the gargoyle, but do no damage.
The gargoyle is lightly damaged.
The gargoyle completely misses you.
Casting: Airstrike (safe; 1% risk of failure)
Confirm with . or Enter, or press ? or * to list all spells.
You feel quick.
The gargoyle hurls a stone arrow at you.
The stone arrow hits you!!
Ouch! That really hurt!
The gargoyle hurls a stone arrow at you.
The stone arrow hits you!
* * * LOW HITPOINT WARNING * * *
The acid dragon spits acid at you. The splash of acid hits you!
You die...

##......# .....#
##.......## ....
#.........# #... .#
.##.........# ##..# ..#
..#.......).# ##.9##.8..
............# #D........
............# #..8.8.8.8
#...........#####.........
#...............@...##.8.#
#...........######### ..#
.#....<(...# .#
####.....## . #######


You could see an acid dragon (catching breath) and a gargoyle.

Vanquished Creatures
  A hydra (D:12)
  Erica (D:11)
  3 two-headed ogres
  Urug (D:12)
  Lodul (D:11)
  An ugly thing (D:12)
  4 manticores
  A gargoyle (D:12)
  An unseen horror (D:12)
  A kobold demonologist (D:12)
  3 meliai (D:12)
  2 trolls
  2 hornets
  2 wyverns
  3 vampires
  A wraith (D:9)
  8 yaks
  A steam dragon (D:9)
  7 vampire mosquitoes
  Menkaure (D:6)
  An acid dragon (D:8)
  3 water moccasins
  2 ice beasts
  3 orc warriors
  5 centaurs
  6 ogres
  6 kobold brigands
  A necrophage (D:6)
  3 bullfrogs
  2 scorpions (D:5)
  8 wights
  27 killer bees
  2 howler monkeys
  7 orc priests
  4 hounds
  An iguana (D:7)
  2 jellies (D:6)
  Ijyb (D:4)
  8 orc wizards
  A hexer (D:10)
  13 adders
  7 gnolls
  2 shadow imps (D:7)
  A white imp (D:6)
  A worm (D:2)
  11 dart slugs
  28 orcs
  8 ball pythons
  10 endoplasms
  2 giant cockroaches
  9 goblins
  11 hobgoblins
  2 jackals (D:1)
  27 kobolds
  4 quokkas
  3 bats
  3 frilled lizards
  6 rats
286 creatures vanquished.

Vanquished Creatures (collateral kills)
  A slime creature (D:12)
  2 two-headed ogres
  Nergalle (D:10)
  An ugly thing (D:12)
  2 kobold demonologists (D:11)
  A komodo dragon (D:12)
  A queen bee (D:12)
  A hornet (D:8)
  A wraith (D:11)
  14 yaks
  A wyvern (D:9)
  A vampire mosquito (D:12)
  3 steam dragons
  A water moccasin (D:9)
  An acid dragon (D:9)
  A black bear (D:8)
  2 orc warriors (D:9)
  2 ice beasts
  4 ogres
  2 kobold brigands (D:11)
  2 bullfrogs (D:7)
  A scorpion (D:5)
  3 wights
  11 killer bees
  4 howler monkeys
  2 hounds (D:7)
  3 orc priests
  4 orc wizards
  A gnoll (D:7)
  A white imp (D:5)
  8 orcs
  4 kobolds
87 creatures vanquished.

Vanquished Creatures (others)
  18 hexers
  4 fungi (D:9)
  9 plants
31 creatures vanquished.

Grand Total: 404 creatures vanquished

Notes
Turn   | Place    | Note
-------+----------+-------------------------------------------
     0 | D:1      | purpskrrrp the Felid Air Elementalist began the quest for
                  | the Orb.
     0 | D:1      | Reached XP level 1. HP: 7/7 MP: 4/4
    57 | D:1      | Reached skill level 1 in Conjurations
   287 | D:1      | Reached skill level 3 in Stealth
   287 | D:1      | Reached XP level 2. HP: 11/11 MP: 3/6
   858 | D:1      | Reached XP level 3. HP: 14/14 MP: 0/7
  2217 | D:2      | Reached XP level 4. HP: 12/18 MP: 1/8
  3101 | D:2      | Gained mutation: Your magical capacity is low. (-10% MP)
                  | [potion of mutation]
  3102 | D:2      | Lost mutation: Your magical capacity is low. (-10% MP)
                  | [potion of mutation]
  3102 | D:2      | Gained mutation: Your flesh is cold resistant. (rC+)
                  | [potion of mutation]
  3103 | D:2      | Lost mutation: Your flesh is cold resistant. (rC+) [potion
                  | of mutation]
  3103 | D:2      | Gained mutation: Potions are less effective at restoring
                  | your health. [potion of mutation]
  3220 | D:3      | Found an opulent altar of Gozag.
  3543 | D:3      | Found a hazy altar of Hepliaklqana.
  3713 | D:3      | Reached skill level 4 in Stealth
  4083 | D:3      | Found a glowing silver altar of Zin.
  4086 | D:3      | Found an iron altar of Okawaru.
  4146 | D:3      | Became a worshipper of Hepliaklqana the Forgotten
  4342 | D:4      | Reached XP level 5. HP: 18/21 MP: 4/10
  4546 | D:4      | Identified the +2 spear of Disintegration {drain, Will++
                  | Dex+3 SInv Stlth-}
  5128 | D:4      | Noticed Ijyb
  5135 | D:4      | Killed Ijyb
  5136 | D:4      | Gained mutation: You are covered in thick fur. (AC +2)
                  | [Felid growth]
  5136 | D:4      | Reached XP level 6. HP: 24/24 MP: 3/11
  5211 | D:4      | Found a blossoming altar of Fedhas.
  5456 | D:4      | Reached * piety under Hepliaklqana
  5473 | D:4      | Found a glowing golden altar of the Shining One.
  5600 | D:5      | Entered Level 5 of the Dungeon
  5811 | D:5      | Noticed an ice beast
  5819 | D:5      | Reached skill level 5 in Stealth
  6051 | D:5      | Found a runed translucent door.
  6101 | D:5      | Identified the +9 whip "Zuocufo" {vorpal, rN++ Will- Int+5}
  6116 | D:5      | Reached skill level 5 in Dodging
  6127 | D:5      | Reached XP level 7. HP: 11/24 MP: 1/13
  6446 | D:5      | Reached skill level 6 in Stealth
  6956 | D:5      | Lost mutation: Potions are less effective at restoring your
                  | health. [potion of mutation]
  6956 | D:5      | Gained mutation: Your flesh is heat resistant. (rF+)
                  | [potion of mutation]
  7122 | D:6      | Reached XP level 8. HP: 23/27 MP: 9/15
  7277 | D:6      | Noticed a +0 hand axe
  7279 | D:6      | Noticed a +0 hand axe
  7315 | D:6      | Found a hide-covered altar of Uskayaw.
  7323 | D:6      | Noticed Menkaure
  7335 | D:6      | Killed Menkaure
  7707 | D:6      | Reached skill level 7 in Stealth
  7749 | D:6      | Learned a level 3 spell: Swiftness
  7754 | D:6      | Learned a level 4 spell: Airstrike
  7764 | D:6      | Reached ** piety under Hepliaklqana
  7765 | D:6      | Remembered your ancestor Djefatnebti as a hexer
  7874 | D:6      | Found Qifegur's CLEARANCE SALE!.
  7933 | D:6      | Found a shimmering blue altar of Sif Muna.
  8084 | D:7      | Reached skill level 5 in Air Magic
  8269 | D:7      | Found a staircase to the Ecumenical Temple.
  8394 | D:7      | Reached skill level 5 in Spellcasting
  8440 | D:7      | Reached XP level 9. HP: 30/30 MP: 3/17
  9085 | D:7      | Reached skill level 8 in Stealth
  9384 | D:8      | Reached skill level 5 in Conjurations
 10006 | D:8      | Found a shadowy altar of Dithmenos.
 10029 | D:8      | Reached *** piety under Hepliaklqana
 10256 | D:9      | Reached skill level 9 in Stealth
 10676 | D:9      | Found a runed translucent door.
 10704 | D:9      | Reached XP level 10. HP: 33/33 MP: 10/19
 10971 | D:9      | Found a broken altar of Ashenzari.
 11061 | D:10     | Entered Level 10 of the Dungeon
 11395 | D:9      | Found a staircase to the Orcish Mines.
 11546 | D:9      | Found a stormy altar of Qazlal.
 11693 | D:9      | Identified the +1 pair of gloves "Cudeluph" {rPois Dex+3}
 11729 | D:9      | Identified the +3 trident "Secret Weapon" {chaos, rElec}
 11846 | D:9      | Found a staircase to the Lair.
 11874 | D:9      | Found a runed translucent door.
 12144 | D:9      | Noticed a centaur warrior
 12546 | D:9      | Reached skill level 10 in Stealth
 12564 | D:9      | Slain by an orc warrior
 12565 | D:9      | Reached XP level 9. HP: -1/30 MP: 8/19
 12692 | D:9      | Noticed a two-headed ogre
 12697 | D:9      | Noticed a manticore
 12789 | D:9      | Killed a two-headed ogre
 12790 | D:9      | Reached XP level 10. HP: 33/33 MP: 13/21
 12907 | D:9      | Killed a manticore
 13147 | D:9      | Noticed a six-headed hydra
 13277 | D:9      | HP: 1/33 [centaur warrior (3)]
 13280 | D:9      | Slain by a centaur warrior
 13281 | D:9      | Reached XP level 9. HP: -3/30 MP: 17/20
 13316 | D:10     | Noticed a troll
 13331 | D:10     | Killed a troll
 13956 | D:10     | Reached skill level 10 in Dodging
 13987 | D:10     | Noticed a two-headed ogre
 13994 | D:10     | Killed a two-headed ogre
 13995 | D:10     | Reached XP level 10. HP: 33/33 MP: 1/21
 14201 | D:10     | Found a bloodstained altar of Trog.
 14201 | D:10     | You fall into a shaft and drop 1 floor!
 14294 | D:11     | Reached **** piety under Hepliaklqana
 14416 | D:10     | Reached skill level 11 in Stealth
 14740 | D:10     | Noticed Nergalle
 15318 | D:10     | Killed Nergalle
 15508 | D:10     | Found a basalt altar of Yredelemnul.
 15524 | D:10     | Found an ornate altar of the Wu Jian Council.
 15609 | D:11     | Noticed Erica
 15609 | D:11     | Noticed a manticore
 15915 | D:11     | Noticed a two-headed ogre
 15926 | D:11     | Killed a two-headed ogre
 15927 | D:11     | Reached skill level 10 in Air Magic
 16090 | D:11     | Reached XP level 11. HP: 11/36 MP: 18/23
 17134 | D:11     | Killed Erica
 17485 | D:11     | Noticed Lodul
 17497 | D:11     | Killed Lodul
 17498 | D:11     | Reached skill level 12 in Stealth
 17951 | D:11     | Noticed a two-headed ogre
 17958 | D:11     | Killed a two-headed ogre
 18916 | D:12     | Learned a level 2 spell: Poisonous Vapours
 19216 | D:12     | Lost mutation: Your flesh is heat resistant. (rF+) [potion
                  | of mutation]
 19216 | D:12     | Gained mutation: Your muscles are strong. (Str +4, Int/Dex
                  | -1) [potion of mutation]
 19216 | D:12     | Gained mutation: Your natural rate of healing is unusually
                  | fast. [potion of mutation]
 19247 | D:12     | Noticed a sun demon
 19450 | D:12     | Noticed a seven-headed hydra
 19461 | D:12     | Killed a seven-headed hydra
 19531 | D:12     | Noticed Urug
 19538 | D:12     | Killed Urug
 19586 | D:12     | Gained mutation: Your thick and shaggy fur keeps you warm.
                  | (AC +3, rC+) [Felid growth]
 19586 | D:12     | Reached XP level 12. HP: 39/39 MP: 0/25
 19890 | D:12     | Reached ***** piety under Hepliaklqana
 20321 | D:12     | Noticed a two-headed ogre
 20333 | D:12     | Mangled by a meliai
 20334 | D:12     | Reached XP level 11. HP: -7/36 MP: 17/24
 20498 | D:12     | Reached skill level 13 in Stealth
 20948 | D:12     | Killed a two-headed ogre
 21191 | D:12     | Killed a white ugly thing
 21202 | D:12     | Killed a green ugly thing
 21530 | D:13     | Killed from afar by an acid dragon

Illustrated notes

Levels and vault maps discovered:
D:1:      saegor_arrival_simple_c, layout_basic, kennysheep_nondescript
D:2:      layout_basic, grunt_ministairs_13
D:3:      layout_loops_cross, mainiacjoe_overflow_six_doors_small,
          mainiacjoe_overflow_cross_hatched, minitemple
D:4:      kennysheep_slugbush, layout_basic, tso_oasis_becter,
          kennysheep_mini_moat, kennysheep_generic_room_12, uniq_ijyb
D:5:      layout_loops_cross, lightli_church_of_beogh
D:6:      layout_cave_pools, dancing_weapons_uskayaw, led_sif_pool,
          nicolae_shop_clearance, uniq_menkaure
D:7:      layout_rooms, minmay_temple_entry_purple_smoke, grunt_ministairs_4,
          abandoned_shop
D:8:      layout_rooms, grunt_dithmenos_smoke, st_stairs_5, solitary_fountain
D:9:      cheibrodos_histonic, layout_gridville, cheibrodos_ashenzari_chains,
          mainiacjoe_overflow_alcove_1, dpeg_oklobed_lair, orc_david_3,
          minmay_fractal_squares_diagonal_5
D:10:     layout_irregular_city, kennysheep_mini, general_overflow_altar,
          mainiacjoe_overflow_small_starburst, minivault_27, uniq_nergalle
D:11:     layout_cross, minmay_misc_feat_nine_boxes, david_defended_altar_orc,
          uniq_erica, uniq_lodul
D:12:     layout_small_grid, special_room [special_room_bee], uniq_urug
D:13:     layout_cave_pods, serial_column_ruins, column_ruins_corridor_straight,
          column_ruins_columns_dead_end, column_ruins_open_small,
          column_ruins_open_large, column_ruins_columns_plus, uniq_snorg

Skill      XL: |  1  2  3  4  5  6  7  8  9 10 11 12 |
---------------+-------------------------------------+-----
Conjurations   | 1 2 3 4 5 7 8 |  8.5
Stealth        | 3 4 5 6 7 9 11 13 | 13.2
Dodging        | 3 4 5 7 10 9 11 12 | 12.3
Air Magic      | 3 4 5 9 10 11 | 11.6
Spellcasting   | 3 4 5 7 6 8 |  8.7

Action                   |  1- 3 |  4- 6 |  7- 9 | 10-12 || total
-------------------------+-------+-------+-------+-------++-------
Melee: Unarmed           |    56 |    36 |    43 |   145 ||   280
       Bite              |     5 |       |     5 |    20 ||    30
       Punch             |       |       |     1 |     4 ||     5
 Cast: Shock             |   107 |   184 |   334 |   428 ||  1053
       Airstrike         |       |       |    17 |    86 ||   103
       Swiftness         |       |       |     3 |     9 ||    12
       Poisonous Vapours |       |       |       |     7 ||     7
Invok: Recall Ancestor   |       |     2 |     9 |    14 ||    25
       Ancestor Life: He |       |       |     1 |       ||     1
       Ancestor Identity |       |       |     1 |     1 ||     2
Evoke: Wand              |       |       |       |    23 ||    23
  Use: Scroll            |       |     7 |    14 |     8 ||    29
       Potion            |       |     8 |     3 |    11 ||    22
 Stab: Confused          |       |       |     1 |     8 ||     9
       Distracted        |       |       |     1 |     1 ||     2
Armor: Skin              |     2 |     2 |     1 |    15 ||    20
Dodge: Dodged            |    53 |    65 |    61 |   286 ||   465

Table legend: (Time is in decaauts)
 A = Elapsed time spent in this place.
 B = Non-inter-level travel time spent in this place.
 C = Inter-level travel time spent in this place.
 D = Time resting spent in this place.
 E = Time spent auto-exploring this place.
 F = Levels seen in this place.
 G = Mean time per level.
                   A        B        C        D        E       F      G
               +--------+--------+--------+--------+--------+-----+--------+
         Total |  19833 |  19238 |    595 |   7425 |   8922 |  13 | 1525.6 |
       Dungeon |  19833 |  19238 |    595 |   7425 |   8922 |  13 | 1525.6 |
               +--------+--------+--------+--------+--------+-----+--------+

Top non-repeatable levels by time:
    D:10: 2987 daAuts
     D:9: 2802 daAuts
    D:11: 2336 daAuts
    D:12: 2213 daAuts
     D:2: 1626 daAuts
     D:4: 1259 daAuts
     D:5: 1164 daAuts
     D:7: 1159 daAuts
     D:1: 1150 daAuts
     D:3: 1076 daAuts
     D:8: 1041 daAuts
     D:6: 992 daAuts
    D:13: 22 daAuts
